 Dungeon Crawl Stone Soup version 0.31-a0-986-g5e6e4ef867 (webtiles) character file.

Game seed: 670266243735270647

604 BlueFish the Sneak (level 7, -2/69 HPs)
             Began as an Octopode Shapeshifter on Nov 4, 2023.
             Slain by a gnoll sergeant
             ... wielding a +0 spear
              (4 damage)
             ... on level 5 of the Dungeon.
             The game lasted 00:12:50 (5147 turns).

BlueFish the Sneak (Octopode Shapeshifter)          Turns: 5147, Time: 00:12:50

Health: -2/69      AC: 23    Str: 15    XL:     7   Next: 42%
Magic:  7/7        EV:  2    Int: 12    God:
Gold:   306        SH:  0    Dex: 12    Spells: 6/6 levels left

rFire   + .          .
                       - Unarmed
rCold   . . .        (no shield)
rNeg    . . .        (helmet currently unavailable)
rPois   +            (no amulet)
rElec   .            j - ring of willpower
rCorr   .            A - ring of protection from fire
SInv    .            (no ring)
Will    +....        (no ring)
Stlth   +++          (no ring)
HPRegen 0.31/turn    (no ring)
MPRegen 0.10/turn    (no ring)
                     (no ring)

%: no passive effects
@: tree-form
A: stationary, stasis, torment immunity, boosted hp, almost no armour,
(amphibious), 8 rings, (camouflage 1), (gelatinous body 1), (nimble swimmer 1),
(tentacles)
a: no special abilities


You were on level 5 of the Dungeon.
You were a tree.
You visited 2 branches of the dungeon, and saw 7 of its levels.

You collected 306 gold pieces.

Inventory:

Missiles
 g - 55 stones (quivered)
 m - a throwing net
Jewellery
 j - a ring of willpower (left branch)
 y - a ring of ice
 A - a ring of protection from fire (right branch)
Talismans
 b - a beast talisman (active)
 c - a flux talisman
 q - a blade talisman
Wands
 x - a wand of flame (3)
Scrolls
 d - a scroll of silence
 f - a scroll of fog
 h - a scroll of noise {unknown}
 i - a scroll of revelation {unknown}
 n - a scroll of poison {unknown}
 o - a scroll of immolation {unknown}
 p - a scroll of acquirement {unknown}
 r - a scroll of blinking
 t - a scroll of enchant weapon {unknown}
 z - a scroll of brand weapon {unknown}
 B - a scroll of fear {unknown}
Potions
 a - 3 potions of lignification
 e - a potion of might
 k - a potion of invisibility
 l - 4 potions of resistance
 s - a potion of enlightenment
 u - 2 potions of berserk rage
 C - a potion of curing {unknown}


   Skills:
 + Level 3.2 Fighting
 + Level 3.6 Dodging
 * Level 4.9 Stealth
 + Level 4.3 Unarmed Combat
 * Level 4.7 Shapeshifting


You had 6 spell levels left.
You didn't know any spells.
Your spell library contained the following spells:

 Spells                   Type           Power      Damage    Failure   Level
 Apportation              Tloc           0%         N/A       32%         1
 Necrotise                Necr           0%         1d4       32%         1
 Sting                    Tmut/Pois      0%         1d3       32%         1
 Summon Small Mammal      Summ           0%         N/A       32%         1
 Poisonous Vapours        Pois/Air       0%         N/A       45%         2
 Volatile Blastmotes      Fire/Tloc      0%         2d10      69%         3
 Fulminant Prism          Conj/Hex       0%         3d5       97%         4
 Iskenderun's Mystic Bla  Conj/Tloc      0%         2d3       97%         4
 Olgreb's Toxic Radiance  Pois           0%         N/A       97%         4


Dungeon Overview and Level Annotations

Branches:
Dungeon (6/15)             Temple (1/1) D:5

Altars:
Ashenzari
Dithmenos
Hepliaklqana
Kikubaaqudgha
Makhleb
Nemelex Xobeh
Okawaru
Qazlal
Ru
Trog
Uskayaw
Vehumet
Wu Jian
Xom
Yredelemnul
Zin


Innate Abilities, Weirdness & Mutations

You are a tree.
Your roots penetrate the ground, keeping you stationary.
You cannot be teleported.
You are immune to unholy pain and torment.
Your maximum health is greatly increased.
You cannot wear most types of armour.
((You are amphibious.))
You can wear up to eight rings at the same time.
((Your skin changes colour to match your surroundings (Stealth+).))
((Your rubbery body absorbs attacks. (AC +1, EV +1)))
((You are camouflaged when in or above water. (Stealth+)))
((You have tentacles for arms and can constrict up to eight enemies at once.))


Message History

You hear an angry hiss.
The gnoll sergeant hits you from afar with a +0 spear.
There is a stone staircase leading up here.
The gnoll sergeant hits you with a +0 spear!
There is a stone staircase leading up here.
The gnoll sergeant closely misses you.
You climb upwards.
There is a stone staircase leading down here.
You barely miss the gnoll sergeant. Your grab misses the gnoll sergeant.
The gnoll sergeant hits you with a +0 spear.
You tentacle-slap the gnoll sergeant. You grab the gnoll sergeant.
The gnoll sergeant is moderately wounded.
You constrict the gnoll sergeant. The gnoll sergeant closely misses you.
You tentacle-slap the gnoll sergeant but do no damage.
The gnoll sergeant is moderately wounded.
You constrict the gnoll sergeant, but do no damage.
The gnoll sergeant hits you with a +0 spear!
You tentacle-slap the gnoll sergeant but do no damage.
The gnoll sergeant is moderately wounded.
You constrict the gnoll sergeant, but do no damage.
The gnoll sergeant hits you with a +0 spear!
* * * LOW HITPOINT WARNING * * *
You tentacle-slap the gnoll sergeant.
The gnoll sergeant is heavily wounded.
You constrict the gnoll sergeant, but do no damage.
The gnoll sergeant hits you with a +0 spear.
* * * LOW HITPOINT WARNING * * *
You tentacle-slap the gnoll sergeant.
The gnoll sergeant is heavily wounded.
You constrict the gnoll sergeant.
The gnoll sergeant hits you with a +0 spear!
* * * LOW HITPOINT WARNING * * *
Your transformation has ended.
You turn into a tree.
Your roots penetrate the ground.
You lose your grip on the gnoll sergeant.
The gnoll sergeant hits you but does no damage.
You hit the gnoll sergeant.
The gnoll sergeant is almost dead.
The gnoll sergeant hits you with a +0 spear.
You die...

## ##### ##. ### #.#.####..
#.## ##.....##..
###.)######......##..
#.....#.##.#...)...#.
##..g)...........<...
###.♣...........#>...
##...............#...#
#####....................#
##....#..............##..##
#.....###..####......##...#
##.....##...###..##.......#
#..........#....##........
##.....................##..
#.............#............


You could see a gnoll sergeant.

Vanquished Creatures
  Edmund (D:6)
  A scorpion (D:6)
  2 hounds (D:5)
  3 iguanas
  An orc wizard (D:3)
  8 gnolls
  9 adders
  A white imp (D:5)
  2 ufetubi (D:6)
  A worm (D:2)
  3 dart slugs
  5 orcs
  4 ball pythons
  6 bats
  9 endoplasms
  6 giant cockroaches
  7 hobgoblins
  6 jackals
  7 kobolds
  A quokka (D:4)
  4 frilled lizards
  5 goblins
  6 rats
  2 rat zombies (D:3)
100 creatures vanquished.

Notes
Turn   | Place    | Note
-------+----------+-------------------------------------------
     0 | D:1      | BlueFish the Octopode Shapeshifter began the quest for the
                  | Orb.
     0 | D:1      | Reached XP level 1. HP: 13/13 MP: 1/1
   104 | D:1      | Reached XP level 2. HP: 18/18 MP: 2/2
   344 | D:1      | Reached XP level 3. HP: 23/23 MP: 3/3
  1236 | D:2      | Reached XP level 4. HP: 25/29 MP: 4/4
  1955 | D:3      | Reached skill level 1 in Stealth
  2025 | D:3      | Reached XP level 5. HP: 32/34 MP: 5/5
  2647 | D:3      | Found an ancient bone altar of Kikubaaqudgha.
  3128 | D:4      | Reached XP level 6. HP: 41/41 MP: 6/6
  3619 | D:5      | Entered Level 5 of the Dungeon
  3626 | D:5      | Found a radiant altar of Vehumet.
  3841 | D:5      | Found a staircase to the Ecumenical Temple.
  3850 | Temple   | Entered the Ecumenical Temple
  4203 | D:6      | Noticed Edmund
  4349 | D:6      | Killed Edmund
  4350 | D:6      | Reached XP level 7. HP: 25/46 MP: 7/7
  4482 | D:6      | Noticed a steam dragon
  5145 | D:5      | HP: 1/46 [gnoll sergeant/+0 spear (7)]
  5147 | D:5      | Slain by a gnoll sergeant

Illustrated notes

Levels and vault maps discovered:
D:1:      heliophobic_arrival_enchanted_forest, layout_loops_corners,
          st_stairs_1
D:2:      layout_rooms, kennysheep_generic_room_16
D:3:      layout_loops_corners, lemuel_zombie_altar_kikubaaqudgha,
          serial_bayou_pond_d
D:4:      layout_cave_pools
D:5:      layout_cave_pools, nicolae_vehumet_altar_sigil,
          minmay_temple_entry_stoned_glass
D:6:      layout_layer_cave, uniq_edmund
Temple:   eino_temple_lava

Skill      XL: |  1  2  3  4  5  6 |
---------------+-------------------+-----
Fighting       | 2 3 |  3.2
Stealth        | 1 2 4 |  4.9
Dodging        | 3 |  3.6
Shapeshifting  | 4 |  4.7
Unarmed Combat | 4 |  4.3

Action                     |  1- 3 |  4- 6 |  7- 9 || total
---------------------------+-------+-------+-------++-------
  Melee: Unarmed           |    67 |   132 |    31 ||   230
         Constrict         |    17 |    27 |     7 ||    51
         Tentacles         |     9 |    21 |     5 ||    35
         Punch             |     1 |     8 |       ||     9
  Throw: Dart              |       |     4 |     4 ||     8
         Stone             |       |     1 |     2 ||     3
Ability: Begin Untransform |       |     1 |       ||     1
  Evoke: Wand              |       |     1 |       ||     1
    Use: Scroll            |       |    10 |     2 ||    12
         Potion            |       |       |     1 ||     1
   Stab: Sleeping          |     6 |    10 |     2 ||    18
 Armour: Skin              |    23 |    54 |    29 ||   106
  Dodge: Dodged            |    38 |    67 |    30 ||   135
         Form:             |       |     1 |       ||     1
         Blade             |       |     1 |       ||     1
         Beast             |       |     1 |       ||     1

Table legend: (Time is in decaauts)
 A = Elapsed time spent in this place.
 B = Non-inter-level travel time spent in this place.
 C = Inter-level travel time spent in this place.
 D = Time resting spent in this place.
 E = Time spent auto-exploring this place.
 F = Levels seen in this place.
 G = Mean time per level.
                   A        B        C        D        E       F      G
               +--------+--------+--------+--------+--------+-----+--------+
         Total |   5137 |   4864 |    273 |    550 |   2795 |   7 |  733.9 |
       Dungeon |   5105 |   4832 |    273 |    550 |   2795 |   6 |  850.8 |
        Temple |     32 |     32 |      0 |      0 |      0 |   1 |   32.0 |
               +--------+--------+--------+--------+--------+-----+--------+

Top non-repeatable levels by time:
     D:3: 1055 daAuts
     D:1: 984 daAuts
     D:2: 910 daAuts
     D:5: 837 daAuts
     D:6: 658 daAuts
     D:4: 658 daAuts
  Temple: 32 daAuts
